Map: Dusk Towers

Players

Dayshi - Winner!

  • Race: Terran Terran
  • League: Grandmaster

MajeStic

  • Race: Protoss Protoss
  • League: Grandmaster

Event: DreamHack ZOWIE Open Leipzig

VOD

Have the link to the VOD?

Description

Time

  • Played on: Jan. 22, 2016, 9:16 a.m.
  • Length: 13:59

All games in this series

Show
View Real Time Build Order
Export as new Build Order

Dayshi Terran - Winner!

Build Orders: Command Center First (CC), MMM Bio 

Get SALT Encoding   

  12  0:00  SCV  
  13  0:13  SCV  
  14  0:17  Supply Depot  
  14  0:25  SCV  
  15  0:39  SCV  
  16  0:51  SCV  
  17  0:59  Command Center  
  17  1:03  SCV  
  18  1:14  Barracks  
  18  1:15  SCV  
  19  1:27  SCV  
  19  1:29  Barracks  
  20  1:34  Refinery  
  20  1:39  SCV  
  21  1:51  SCV  
  22  2:01  Marine  
  23  2:03  Orbital Command  
  23  2:10  Supply Depot, Orbital Command  
  23  2:16  Barracks Tech Lab  
  23  2:25  Barracks Reactor, Refinery  
  23  2:29  SCV  
  24  2:35  Marine  
  25  2:37  SCV  
  25  2:41  SCV  
  27  2:49  SCV  
  28  2:53  SCV  
  28  2:54  Marine  
  28  2:56  Combat Shields  
  30  3:01  Bunker, Marine x2  
  30  3:05  SCV  
  33  3:10  Bunker  
  33  3:12  Marauder  
  35  3:14  SCV  
  35  3:19  Marine x2  
  38  3:25  SCV  
  39  3:30  Supply Depot  
  39  3:33  Factory, Marine  
  39  3:46  Supply Depot  
  39  3:52  SCV x2, Marine x2  
  39  4:04  SCV x2  
  40  4:13  Marine x2  
  40  4:15  Supply Depot, Stimpack  
  40  4:16  SCV x2  
  42  4:25  Factory Reactor  
  42  4:28  SCV x2, Starport  
  42  4:30  Marine x2  
  42  4:31  Marine  
  47  4:40  SCV x2  
  49  4:48  Marine x3  
  49  4:49  Command Center  
  52  4:54  Supply Depot  
  52  4:55  Liberator  
  52  4:57  SCV x2  
  54  5:04  Refinery, Engineering Bay  
  54  5:09  SCV x2  
  54  5:12  Supply Depot  
  59  5:14  Medivac  
  59  5:19  Supply Depot  
  61  5:22  Factory Reactor  
  61  5:25  Marauder  
  61  5:26  Marine x2  
  66  5:28  SCV  
  66  5:30  SCV  
  67  5:37  Terran Infantry Weapons Level 1  
  67  5:38  Missile Turret  
  67  5:43  SCV, Liberator  
  67  5:44  SCV  
  67  5:47  Missile Turret  
  69  5:55  SCV  
  69  5:56  SCV  
  71  6:01  Orbital Command  
  71  6:03  Marine  
  75  6:04  Marine  
  75  6:05  Barracks  
  75  6:06  Marine  
  75  6:07  SCV  
  75  6:11  Refinery, Liberator  
  78  6:12  Widow Mine x2  
  78  6:17  Barracks  
  82  6:19  SCV  
  82  6:20  SCV  
  82  6:23  Marine  
  82  6:25  Marine  
  86  6:31  SCV  
  90  6:33  SCV x2  
  90  6:35  Marauder  
  90  6:36  Concussive Shells  
  94  6:43  SCV, Orbital Command  
  95  6:48  Marine x2  
  95  6:51  SCV  
  93  6:54  Barracks Reactor  
  93  6:55  SCV, Supply Depot, Widow Mine x2  
  93  6:57  Barracks  
  93  7:02  Liberator  
  93  7:06  Medivac  
  93  7:07  SCV x2  
  97  7:12  Marine  
  97  7:13  Marauder  
  98  7:17  Marine x2  
  98  7:20  SCV  
  98  7:21  SCV  
  94  7:30  Marine  
  94  7:31  Widow Mine x2  
  94  7:34  Marauder  
  94  7:35  Marine x2  
  94  7:36  Marine, Medivac  
  92  7:46  Marine  
  92  7:48  Marine x2  
  92  7:49  Terran Infantry Armor Level 1  
  92  7:53  Marine x2  
  92  7:54  Marine  
  92  7:55  Marine  
  96  7:59  Widow Mine x2  
  96  8:04  Marine  
  96  8:05  Marine, Liberator x2  
  101  8:06  Marine  
  101  8:10  Orbital Command  
  101  8:11  Marine x3  
  104  8:13  Marauder  
  100  8:22  Marine  
  100  8:24  SCV x2  
  109  8:36  Marine  
  109  8:51  SCV x2, Armory, Marauder, Marine x4  
  109  8:52  Engineering Bay  
  109  8:53  SCV  
  109  8:54  Marine  
  109  8:55  Marine  
  120  9:05  Medivac x2  
  120  9:07  Missile Turret  
  120  9:08  Supply Depot, Marine  
  125  9:10  Supply Depot  
  125  9:17  Barracks Tech Lab x2  
  125  9:19  Liberator  
  125  9:23  Supply Depot  
  125  9:26  Supply Depot  
  125  9:27  Liberator  
  125  9:29  Marine x2, Widow Mine x2  
  125  9:30  SCV x2  
  133  9:31  Refinery  
  133  9:32  SCV, Marauder, Marine x2  
  141  9:39  Supply Depot  
  141  9:43  Supply Depot, Marine  
  141  9:45  Supply Depot, Marauder  
  148  9:47  Marine x2  
  148  9:48  Terran Infantry Weapons Level 2  
  148  9:50  Marine x2  
  148  9:51  Supply Depot  
  143  9:54  Marauder  
  138  10:01  Marauder  
  138  10:02  Ghost Academy  
  138  10:05  Marine  
  138  10:06  Marauder  
  143  10:09  Terran Infantry Armor Level 2  
  143  10:13  Command Center  
  141  10:14  Barracks  
  141  10:15  Marauder  
  141  10:16  Supply Depot  
  141  10:18  Supply Depot  
  141  10:19  Marine  
  141  10:20  Marine  
  145  10:23  Liberator  
  145  10:28  Marauder  
  142  10:31  Marine x2  
  142  10:32  Ghost  
  133  10:36  Ghost  
  131  10:44  Marine  
  131  10:47  Marine  
  131  10:48  Ghost  
  131  10:49  Marine  
  134  10:51  Refinery  
  134  10:52  Marine  
  134  10:54  Widow Mine  
  137  11:01  Marauder  
  137  11:02  Marine, Widow Mine  
  142  11:05  Marauder, Marine  
  142  11:07  Marine  
  142  11:10  Marine  
  134  11:17  Ghost  
  136  11:19  Medivac  
  136  11:20  Marine  
  136  11:22  Marine  
  136  11:23  Medivac, Marauder  
  136  11:25  Barracks Tech Lab, Engineering Bay  
  144  11:26  Ghost  
  144  11:27  Command Center  
  146  11:34  Marine  
  147  11:44  Marauder  
  149  11:48  Ghost x2  
  149  11:49  Liberator, Reaper, Marine  
  151  11:55  Marauder  
  151  11:57  Marine  
  149  12:05  Marine  
  149  12:06  Marauder  
  153  12:10  Medivac  
  153  12:14  Marine  
  154  12:16  Marauder  
  154  12:17  Marauder x2  
  160  12:24  Planetary Fortress  
  160  12:27  Marauder  
  162  12:37  Marine x2  
  162  12:38  Marauder, Ghost, Marine x2  
  162  12:39  Marauder  
  172  12:47  Liberator  
  172  12:48  Marine  
  173  12:55  Marine  
  173  12:58  Ghost  
  173  12:59  Ghost  
  173  13:01  Marine x2  
  163  13:06  Marauder  
  163  13:07  Marauder  
  159  13:21  Marine x2  
  136  13:27  Marauder  
  136  13:28  Marine, Marauder  
  136  13:29  Medivac, Marauder x2  
  136  13:31  Marine  
  146  13:39  Marine x2  
Show
View Real Time Build Order
Export as new Build Order

MajeStic Protoss 

Build Orders: 1 Gate Expand 

Get SALT Encoding   

  12  0:01  Probe (Chrono Boost)  
  13  0:11  Probe (Chrono Boost)  
  14  0:20  Pylon  
  14  0:22  Probe (Chrono Boost)  
  15  0:39  Gateway, Probe (Chrono Boost)  
  15  0:41  Assimilator  
  16  0:49  Probe (Chrono Boost)  
  17  1:00  Probe (Chrono Boost)  
  18  1:10  Probe (Chrono Boost)  
  19  1:21  Probe (Chrono Boost)  
  19  1:24  Nexus  
  20  1:32  Cybernetics Core  
  20  1:34  Probe (Chrono Boost)  
  21  1:41  Assimilator  
  21  1:44  Probe (Chrono Boost)  
  22  1:49  Pylon  
  22  1:55  Probe (Chrono Boost)  
  24  2:08  Adept (Chrono Boost)  
  24  2:09  Warp Gate  
  24  2:14  Mothership Core (Chrono Boost)  
  27  2:33  Probe (Chrono Boost)  
  27  2:34  Adept (Chrono Boost)  
  30  2:38  Probe  
  30  2:42  Robotics Facility  
  31  2:45  Probe  
  31  2:48  Probe  
  33  2:57  Probe  
  33  2:58  Pylon  
  34  3:01  Pylon  
  34  3:02  Pylon  
  34  3:08  Pylon  
  34  3:12  Probe  
  34  3:13  Probe  
  36  3:28  Probe  
  36  3:30  Probe  
  36  3:32  Observer (Chrono Boost)  
  36  3:33  Gateway  
  39  3:34  Gateway  
  39  3:40  Probe  
  39  3:43  Probe, Pylon  
  41  3:50  Probe  
  41  3:55  Probe  
  43  4:01  Probe  
  39  4:06  Twilight Council  
  39  4:07  Probe  
  41  4:12  Probe  
  42  4:24  Probe  
  42  4:25  Probe, Nexus  
  42  4:27  Assimilator  
  42  4:28  Pylon  
  42  4:31  Sentry, Assimilator  
  46  4:35  Immortal (Chrono Boost), Probe  
  51  4:39  Probe  
  51  4:43  Pylon  
  52  4:48  Resonating Glaives (Chrono Boost)  
  52  4:49  Probe  
  52  4:52  Sentry x2  
  55  4:56  Probe  
  58  5:01  Probe  
  59  5:08  Pylon  
  59  5:09  Probe, Adept, Immortal  
  62  5:20  Gateway, Probe  
  67  5:21  Probe  
  68  5:28  Adept  
  68  5:32  Gateway  
  70  5:39  Gateway  
  70  5:42  Gateway  
  70  5:46  Pylon  
  70  5:47  Probe  
  70  5:48  Probe x2  
  73  5:50  Warp Prism  
  75  6:01  Pylon  
  74  6:04  Pylon  
  74  6:07  Gateway  
  74  6:10  Pylon  
  74  6:12  Probe x2  
  74  6:16  Stalker  
  74  6:18  Adept  
  80  6:20  Adept  
  82  6:32  Templar Archives  
  82  6:35  Forge  
  79  6:41  Adept x3  
  77  6:47  Probe  
  76  6:56  Stalker  
  78  7:04  Adept x2  
  78  7:05  Adept x2  
  78  7:07  Sentry  
  80  7:17  Probe x2  
  80  7:19  Stalker x2  
  80  7:20  Probe  
  86  7:29  Probe  
  87  7:30  Stalker x2  
  75  7:37  Protoss Ground Weapons Level 1 (Chrono Boost)  
  75  7:38  Observer  
  75  7:39  Sentry, Adept x2  
  78  7:44  Probe  
  78  7:45  Probe x2  
  81  7:51  High Templar x2  
  81  7:57  Probe, Pylon  
  86  8:01  Probe  
  86  8:02  High Templar x2  
  86  8:03  Probe  
  86  8:05  Blink (Chrono Boost)  
  88  8:14  Adept x3  
  76  8:20  Adept x4  
  76  8:22  Probe  
  76  8:23  Probe x2  
  76  8:24  Assimilator  
  87  8:28  Assimilator  
  87  8:32  Probe  
  87  8:35  Probe x2  
  87  8:41  Stalker x4  
  94  8:47  Probe  
  94  8:48  Probe x2  
  100  8:55  Immortal  
  105  8:57  Robotics Facility  
  105  9:03  Stalker x3  
  105  9:07  High Templar  
  113  9:10  Photon Cannon  
  113  9:13  Stalker  
  113  9:15  Sentry, Adept  
  119  9:19  Photon Cannon  
  119  9:22  Stalker  
  121  9:32  Adept x2  
  121  9:35  Adept  
  121  9:37  Immortal (Chrono Boost)  
  121  9:38  Stalker  
  133  9:44  Observer (Chrono Boost)  
  132  9:52  Psionic Storm, Pylon  
  128  9:53  Pylon  
  128  9:59  Adept x3  
  122  10:00  Adept x4  
  122  10:01  Observer (Chrono Boost)  
  131  10:08  Adept  
  133  10:16  Protoss Ground Weapons Level 2  
  133  10:25  Adept x3  
  132  10:31  Warp Prism  
  132  10:34  Stalker x4  
  136  10:47  High Templar  
  136  10:48  Adept x2  
  131  11:08  Stalker x2  
  131  11:09  Stalker x2  
  108  11:11  Sentry  
  108  11:12  Adept  
  112  11:20  Warp Prism (Chrono Boost)  
  112  11:22  Adept x2  
  122  11:37  Adept x4  
  130  11:40  Adept x2  
  130  11:49  Adept x2  
  130  11:59  Adept x2  
  130  12:00  Adept  
  130  12:03  Immortal (Chrono Boost)  
  134  12:10  Adept x3  
  134  12:14  Adept x4  
  134  12:24  Stalker x4  
  140  12:30  Nexus  
  140  12:31  Pylon  
  140  12:38  Pylon  
  140  12:40  Pylon  
  140  12:42  Pylon  
  139  12:50  Immortal (Chrono Boost), Adept x3  
  147  13:03  Adept x2  
  147  13:04  Adept x2  
  131  13:08  Stalker  
  113  13:12  Stalker  
  113  13:17  Probe  
  110  13:22  Adept  
  110  13:24  Observer (Chrono Boost)  
  105  13:35  Adept x3  
  105  13:36  Adept x2  
  105  13:39  Adept x2  
  99  13:43  Adept  
  65  13:56  Stalker x5  

Tags
 
Add a new tag
Caveats
  • Supply blocks, unpowered buildings, or Contaminate may cause inaccurate times.
  • Supply counts are checked every 10 seconds.